 Dungeon Crawl Stone Soup version 0.17-a0-2220-g6fea741 (webtiles) character file.

178 Ijustatesigmund the Sneak (level 5, 0/42 HPs)
             Began as a Naga Wizard on Oct 28, 2015.
             Succumbed to an adder's poison
             ... in the Ecumenical Temple.
             The game lasted 00:11:24 (4235 turns).

Ijustatesigmund the Sneak (Naga Wizard)             Turns: 4235, Time: 00:11:24

Health: 0/42       AC:  4    Str:  9    XL:     5   Next: 58%
Magic:  6/9        EV:  9    Int: 19    God:
Gold:   89         SH:  0    Dex: 10    Spells: 4 memorised, 2 levels left

rFire  . . .     SeeInvis +     s - +0 rapier
rCold  . . .     Clarity  .     a - +1 robe
rNeg   . . .     SustAt   .     (no shield)
rPois  +         Gourm    .     b - +0 hat
rElec  .         Spirit   .     (no cloak)
rCorr  .         Warding  .     n - +0 pair of gloves
rMut   .         Stasis   .     (no barding)
MR     .....                    (no amulet)
Stlth  +++.......               (no ring)
                                (no ring)

@: lethally poisoned (0 -> -7), very slightly contaminated, repel missiles, very
slow, not resistant to hostile enchantments, fairly stealthy
A: see invisible, deformed body, poison resistance, slowness 2, slow metabolism
1, spit poison 2, AC +1
a: Spit Poison


You were in the Ecumenical Temple.
You were very hungry.

You visited 2 branches of the dungeon, and saw 5 of its levels.

You collected 89 gold pieces.

Inventory:

Hand Weapons
 h - a +1 dagger of draining
 q - a +2 vampiric whip
 r - a +0 dagger of electrocution
 s - a +0 rapier (weapon)
Armour
 a - a +1 robe (worn)
 b - a +0 hat (worn)
 f - a +0 shield
 n - a +0 pair of gloves (worn)
Wands
 p - a wand of confusion (15)
Scrolls
 e - 2 scrolls of fear
 j - a scroll of recharging
Potions
 g - a potion of ambrosia
 i - a potion of magic
 k - a potion of cancellation {unknown}
 m - a potion of poison {unknown}
 o - a potion of mutation {unknown}
Books
 c - a book of Minor Magic

   Spells                             Type                      Level
   a - Magic Dart                     Conjuration                  1
   b - Blink                          Translocation                2
   c - Call Imp                       Summoning                    2
   d - Repel Missiles                 Charms/Air                   2
   e - Slow                           Hexes                        2
   f - Conjure Flame                  Conjuration/Fire             3
   g - Mephitic Cloud                 Conjuration/Poison/Air       3
Comestibles
 d - 3 bread rations
 l - a slice of pizza


   Skills:
 - Level 1.2 Short Blades
 - Level 1.5 Dodging
 + Level 4.5 Stealth
 - Level 3.0 Spellcasting
 - Level 3.1 Conjurations
   Level 1.0 Summonings
 - Level 1.0 Translocations
 + Level 2.1 Air Magic
 + Level 2.5 Poison Magic


You had 2 spell levels left.
You knew the following spells:

 Your Spells              Type           Power        Failure   Level  Hunger
a - Magic Dart            Conj           ##..         6%          1    None
b - Blink                 Tloc           N/A          17%         2    ##.....
c - Repel Missiles        Chrm/Air       #.....       17%         2    ##.....
d - Mephitic Cloud        Conj/Pois/Air  ##......     17%         3    ###....


Dungeon Overview and Level Annotations

Branches:
Dungeon (4/15)             Temple (1/1) D:4

Altars:
Qazlal
Trog
Xom

Annotations:
D:4 Dowan, Duvessa


Innate Abilities, Weirdness & Mutations

You cannot wear boots.
Your serpentine skin is tough (AC +1).
You have supernaturally acute eyesight.
Armour fits poorly on your strangely shaped body.
Your system is resistant to poisons.
You cover ground very slowly.
You have a slow metabolism.
You can spit poison.


Message History

You climb downwards.
Welcome to the Ecumenical Temple!
You feel sick.
There is a staircase back to the Dungeon here.
Drink which item? (? for menu, Esc to quit)
Magic courses through your body. The adder bites you.
* * * LOW HITPOINT WARNING * * *
You are lethally poisoned!
The adder poisons you! The hound bites you but does no damage.
The adder bites you.
* * * LOW HITPOINT WARNING * * *
The orc hits you but does no damage. The hound bites you.
* * * LOW HITPOINT WARNING * * *
Casting: Mephitic Cloud
Confirm with . or Enter, or press ? or * to list all spells.
Aiming: Mephitic Cloud
Press: ? - help, Shift-Dir - straight line, f - you Really target yourself?
The ball explodes into a vile cloud!
The stinking cloud engulfs you!
The stinking cloud engulfs the hound.
The stinking cloud engulfs the adder.
The stinking cloud engulfs the orc.
You die...

≈≈≈≈≈≈≈≈...≈≈≈≈
≈≈≈≈≈≈≈≈≈...≈≈≈
≈≈≈≈≈≈≈≈≈≈...≈≈
≈≈≈≈≈≈≈≈≈≈...≈≈
≈≈≈≈≈≈≈≈≈...≈≈≈
≈≈≈≈≈≈≈≈...≈≈≈≈
≈≈....§§o....≈≈
≈..8...@S..8..≈
≈≈....h§§....≈≈
≈≈≈≈...≈≈≈≈≈≈≈≈
≈≈≈...≈≈≈≈≈≈≈≈≈
≈≈...≈≈≈≈≈≈≈≈≈≈
≈≈...≈≈≈≈≈≈≈≈≈≈
≈≈≈...≈≈≈≈≈≈≈≈≈
≈≈≈≈...≈≈≈≈≈≈≈≈


You could see a hound, an adder and an orc.

Vanquished Creatures
  An orc priest (D:4)
  6 adders
  3 gnolls (D:2)
  4 worms
  2 giant geckos (D:1)
  5 orcs
  3 giant cockroaches
  3 goblins
  4 hobgoblins
  4 jackals (D:3)
  A quokka (D:2)
  6 bats
  A giant newt (D:1)
  7 kobolds
  11 rats
61 creatures vanquished.

Notes
Turn   | Place    | Note
--------------------------------------------------------------
     0 | D:1      | Ijustatesigmund the Naga Wizard began the quest for the Orb.
     0 | D:1      | Reached XP level 1. HP: 15/15 MP: 4/4
     1 | D:1      | Noticed an electric eel
   483 | D:1      | Reached XP level 2. HP: 22/22 MP: 4/6
   487 | D:1      | Learned a level 2 spell: Blink
   490 | D:1      | Learned a level 2 spell: Repel Missiles
   835 | D:1      | Found a shimmering altar of Xom.
  1560 | D:2      | Reached XP level 3. HP: 28/28 MP: 4/7
  1565 | D:2      | Learned a level 3 spell: Mephitic Cloud
  1583 | D:2      | Found a bloodstained altar of Trog.
  1989 | D:2      | Reached skill level 1 in Poison Magic
  1998 | D:2      | Reached XP level 4. HP: 18/36 MP: 0/8
  2003 | D:2      | Reached skill level 1 in Short Blades
  2283 | D:2      | Reached skill level 1 in Air Magic
  2846 | D:2      | Reached skill level 4 in Stealth
  3203 | D:3      | Reached XP level 5. HP: 42/42 MP: 3/9
  4019 | D:3      | Found a stormy altar of Qazlal.
  4209 | D:4      | Found a staircase to the Ecumenical Temple.
  4212 | D:4      | Noticed Duvessa
  4225 | D:4      | Noticed Dowan
  4233 | Temple   | Entered the Ecumenical Temple
  4234 | Temple   | HP: 2/42 [adder (3)]
  4235 | Temple   | Succumbed to an adder's poison

Vault maps used:
D:1:      arrival_aquarium_a, xom_teletrap_fun
D:2:      minivault_25, trog_book
D:3:      old_standard_altar
D:4:      kennysheep_mini, minmay_temple_entry_junction, uniq_duvessa,
          uniq_pikel
Temple:   eino_temple_water_12

Action                   |  1- 3 |  4- 6 || total
-------------------------+-------+-------++-------
Melee: Unarmed           |    15 |       ||    15
       Dagger            |    23 |    24 ||    47
       Rapier            |       |    15 ||    15
 Cast: Magic Dart        |    60 |    72 ||   132
       Repel Missiles    |     1 |       ||     1
       Mephitic Cloud    |     1 |     3 ||     4
  Use: Scroll            |     4 |     4 ||     8
       Potion            |       |     1 ||     1
 Stab: Sleeping          |     1 |     7 ||     8
       Confused          |       |     1 ||     1
  Eat: Chunk             |     2 |     5 ||     7
